Map: Rifts to Korhal

Players

NamroodTuo

  • Race: Terran Terran

BenjoboyHUN

  • Race: Protoss Protoss
  • Spawn Location: 7:00

VOD

Have the link to the VOD?

Description

Time

  • Played on: June 11, 2023, 4:54 a.m.
  • Length: 21:00
Show
View Real Time Build Order
Export as new Build Order

NamroodTuo Terran 

Build Orders:  

Get SALT Encoding   

  12  0:02  SCV  
  13  0:19  SCV  
  14  0:36  SCV  
  15  0:45  Refinery  
  15  0:50  Refinery  
  15  0:53  SCV  
  16  1:10  SCV  
  17  1:27  SCV  
  18  1:50  SCV  
  18  1:53  Command Center  
  19  2:07  SCV  
  20  2:24  SCV  
  21  2:31  Engineering Bay  
  21  2:35  Engineering Bay  
  21  2:42  SCV  
  22  2:59  SCV  
  23  3:01  Tychus  
  23  3:18  Outlaw Weapons Level 1  
  23  3:20  Outlaw Life and Armor Level 1  
  23  3:22  SCV  
  24  3:38  Gunslingers Hideout  
  24  3:39  SCV  
  25  4:14  SCV, Command Center  
  26  4:30  SCV  
  26  4:31  SCV  
  28  4:47  SCV  
  28  4:48  SCV  
  30  5:04  SCV, James Sirius Sykes  
  41  5:21  SCV  
  42  5:48  Outlaw Weapons Level 2  
  42  5:50  Outlaw Life and Armor Level 2  
  42  5:55  SCV  
  43  6:07  Muscle Armory  
  43  6:09  SCV  
  44  6:12  SCV  
  45  6:29  SCV  
  46  6:46  SCV  
  47  6:59  SCV  
  48  7:03  SCV  
  48  7:05  Medivac Platform  
  49  7:18  Kev Rattlesnake West  
  59  7:53  SCV  
  59  7:55  SCV  
  61  8:01  Refinery  
  61  8:06  Refinery  
  61  8:08  ITC-E Triggers  
  61  8:10  Endurance Supplements  
  61  8:12  SCV  
  62  8:29  SCV  
  63  8:46  SCV  
  64  9:03  SCV  
  65  9:38  Flashforce GDM Visor  
  65  9:41  Fixers Safehouse  
  65  9:43  Outlaw Life and Armor Level 3  
  65  9:54  SCV  
  66  10:09  Miles Blaze Lewis  
  76  10:11  SCV  
  77  10:28  SCV  
  78  10:45  SCV  
  79  11:02  SCV  
  79  11:08  Outlaw Weapons Level 3  
  80  12:33  Vega  
  90  12:42  Moebius Psionic Motivator  
  90  12:43  Neural Disruption Device  
  90  12:44  Psi Projector  
  90  12:52  Kel-Morian Ripper Rounds  
  90  12:57  SCV  
  91  13:14  SCV  
  92  13:31  SCV  
  93  13:48  SCV  
  94  15:20  Outlaw Weapons Level 4  
  94  15:22  Outlaw Life and Armor Level 4  
  94  15:24  Moebius Aggression Blend, Umojan Signal Modulator  
  94  15:25  High Capacity Containers, Secret Stash Stimpack  
  94  15:26  Hades Oil  
  94  16:15  Medivac Platform  
  94  16:18  Medivac Platform  
  94  16:36  Type-88 Persuader  
  94  18:10  Hammer Munitions, Wildflame Fuel Additives  
  94  18:20  Big Red Button  
Show
View Real Time Build Order
Export as new Build Order

BenjoboyHUN Protoss 

Build Orders:  

Get SALT Encoding   

  12  0:08  Probe (Chrono Boost)  
  13  0:19  Probe (Chrono Boost)  
  14  0:35  Probe (Chrono Boost)  
  15  0:46  Probe (Chrono Boost)  
  16  0:57  Probe (Chrono Boost)  
  17  1:02  Assimilator  
  17  1:06  Assimilator  
  17  1:08  Probe (Chrono Boost)  
  18  1:19  Probe (Chrono Boost)  
  19  1:23  Gateway  
  20  1:31  Probe (Chrono Boost)  
  20  1:42  Probe (Chrono Boost)  
  21  1:53  Probe (Chrono Boost)  
  22  2:04  Probe (Chrono Boost)  
  23  2:15  Probe (Chrono Boost)  
  24  2:26  Probe (Chrono Boost)  
  25  2:31  Pylon  
  25  2:37  Probe (Chrono Boost)  
  25  2:39  Pylon  
  26  2:48  Probe (Chrono Boost)  
  27  2:55  Gateway  
  27  2:58  Gateway  
  28  3:00  Probe (Chrono Boost)  
  28  3:11  Cybernetics Core  
  28  4:08  Twilight Council  
  28  4:17  Gateway  
  28  4:19  Gateway  
  28  4:23  Gateway  
  28  5:09  Templar Archives  
  28  5:36  Zealot x3  
  28  5:37  Zealot x3  
  28  5:38  Zealot  
  28  5:39  Zealot x3  
  48  5:40  Zealot  
  50  5:56  Zealot  
  50  5:57  Zealot  
  54  6:07  Khaydarin Amulet  
  54  6:11  Pylon  
  54  6:46  Psionic Storm  
  54  6:53  Nexus  
  54  6:58  Assimilator  
  54  7:05  Assimilator  
  54  7:24  Plasma Surge  
  55  7:42  Forge  
  55  7:44  Probe (Chrono Boost)  
  56  8:01  Probe (Chrono Boost)  
  56  8:12  Protoss Shields Level 1  
  56  8:18  Probe (Chrono Boost)  
  58  8:35  Probe (Chrono Boost)  
  54  8:45  Probe (Chrono Boost)  
  54  8:52  Probe (Chrono Boost)  
  54  8:56  Probe (Chrono Boost)  
  55  9:07  Probe (Chrono Boost)  
  56  9:18  Probe (Chrono Boost)  
  57  9:29  Probe (Chrono Boost)  
  59  9:40  Probe (Chrono Boost)  
  59  9:52  Probe (Chrono Boost), Protoss Shields Level 2  
  60  10:03  Probe (Chrono Boost)  
  61  10:14  Probe (Chrono Boost)  
  62  10:32  Probe (Chrono Boost)  
  62  10:38  Protoss Ground Weapons Level 1  
  62  10:39  Forge  
  63  10:43  Probe (Chrono Boost)  
  64  10:55  Probe (Chrono Boost)  
  65  11:06  Probe (Chrono Boost)  
  66  11:17  Probe (Chrono Boost)  
  68  11:30  Probe (Chrono Boost)  
  69  11:47  Probe (Chrono Boost)  
  69  11:49  Protoss Shields Level 3  
  70  12:03  Probe (Chrono Boost)  
  70  12:10  High Templar x2  
  70  12:11  High Templar x3  
  70  12:12  High Templar x3  
  70  12:13  High Templar x2  
  70  12:14  High Templar x2  
  70  12:15  High Templar  
  70  12:16  High Templar  
  99  12:20  Probe (Chrono Boost)  
  99  12:32  Archon x3  
  99  12:33  Archon x2  
  99  12:34  Archon  
  99  12:35  Archon  
  87  14:37  Protoss Ground Weapons Level 2  
  83  14:47  Protoss Ground Armor Level 1  
  79  17:06  High Templar  
  79  17:07  High Templar x3  
  79  17:08  High Templar  
  79  17:09  High Templar x2  
  93  17:10  High Templar x2  
  93  17:11  High Templar  
  93  17:12  High Templar x2  
  93  17:16  Archon x3  
  93  17:17  Archon x2  
  93  17:18  Archon  
  103  17:38  Zealot x4  
  103  17:39  Zealot x2  
  115  18:19  High Templar x2  
  119  18:22  High Templar  
  121  18:30  High Templar  
  121  18:36  Archon x2  
Tags
 
Commander
ArtanisTychus
Matchup
Co-op
Replay Pack
Multiplayer
Add a new tag
Caveats
  • Supply blocks, unpowered buildings, or Contaminate may cause inaccurate times.
  • Supply counts are checked every 10 seconds.